 Dungeon Crawl Stone Soup version 0.20-a0-1126-g0f15420 (webtiles) character file.

142674 Trigun the Tortoise (level 16, -15/151 HPs)
             Began as a Minotaur Fighter on May 17, 2017.
             Was the Champion of Dithmenos.
             Demolished by a large slime creature (20 damage)
             ... on level 4 of the Swamp.
             The game lasted 03:18:29 (28696 turns).

Trigun the Tortoise (Minotaur Fighter)             Turns: 28696, Time: 03:18:29

Health: -15/151    AC: 33    Str: 32    XL:     16   Next: 81%
Magic:  19/19      EV: 20    Int: 10    God:    Dithmenos [******]
Gold:   994        SH: 25    Dex: 22    Spells: 15/15 levels left

rFire    + + +     SeeInvis +   B - +4 scimitar (elec)
rCold    + . .     Gourm    .   I - +2 large shield {AC+3}
rNeg     + . .     Faith    .   F - +8 chain mail of Ocacan {rCorr Int+3}
rPois    .         Spirit   .   (helmet restricted)
rElec    +         Reflect  .   c - scarf {rC+ rF+}
rCorr    +         Harm     .   h - +1 pair of gloves
MR       ++...     Rnd*Rage +   e - +2 pair of boots
Stlth    ..........             R - amulet of rage
Regen    0.4/turn               q - ring "Huoka Ishima" {*Contam rElec rF+ rN+ Str+7}
MPRegen  0.2/turn               E - ring "Ceabuc" {rF+ MR+ Str+3 Dex+4 Stlth-}

@: wreathed by umbra
A: retaliatory headbutt, horns 2, thin metallic scales 1, camouflage 1, see
invisible, agile 1, berserk 1, clever 1, fire resistance 1, high mp 1, no potion
heal 1
a: Shadow Step, Shadow Form, Renounce Religion, Evoke Berserk Rage


You were on level 4 of the Swamp.
You worshipped Dithmenos.
Dithmenos was exalted by your worship.
You were very hungry.

You visited 6 branches of the dungeon, and saw 26 of its levels.
You also visited: Sewer.

You collected 2803 gold pieces.
You spent 1809 gold pieces at shops.

Inventory:

Hand Weapons
 a - a +6 scimitar of slicing
 B - a +4 scimitar of electrocution (weapon)
Missiles
 u - 540 stones (quivered)
Armour
 c - a scarf of resistance (worn)
 e - a +2 pair of boots (worn)
 h - a +1 pair of gloves (worn)
 o - +0 swamp dragon scales
 F - the +8 chain mail of Ocacan (worn) {rCorr Int+3}
   (You bought it in a shop on level 2 of the Orcish Mines)

   It affects your intelligence (+3).
   It protects you from acid and corrosion.
 I - a +2 large shield of protection (worn)
 K - the +1 cloak of Beogh's Condemnation {Int+4}
   (You found it on level 5 of the Dungeon)

   It affects your intelligence (+4).
Jewellery
 q - the ring "Huoka Ishima" (left hand) {*Contam rElec rF+ rN+ Str+7}
   (You bought it in a shop on level 2 of the Orcish Mines)

   [ring of positive energy]

   It affects your strength (+7).
   It protects you from fire.
   It insulates you from electricity.
   It protects you from negative energy.
   It causes magical contamination when unequipped.
 t - an uncursed ring of flight
 A - an uncursed ring of positive energy
 E - the ring "Ceabuc" (right hand) {rF+ MR+ Str+3 Dex+4 Stlth-}
   (You took it off an orc on level 4 of the Dungeon)

   [ring of loudness]

   It affects your strength (+3).
   It affects your dexterity (+4).
   It protects you from fire.
   It affects your resistance to hostile enchantments.
   It makes you less stealthy.
 O - an uncursed ring of ice
 P - an uncursed ring of protection from magic
 R - an amulet of rage (around neck)
Wands
 d - a wand of confusion (32/48)
 w - a wand of paralysis (20/24)
 D - a wand of confusion (28/48)
 H - a wand of digging (11/24)
 V - a wand of polymorph (5/24)
Scrolls
 l - 4 scrolls of fear
 m - 3 scrolls of recharging
 p - 12 scrolls of amnesia
 r - 8 scrolls of remove curse
 s - 4 scrolls of magic mapping
 v - 6 scrolls of fog
 y - a scroll of torment {unknown}
 C - 3 scrolls of teleportation
 W - 11 scrolls of identify
 Y - 2 scrolls of brand weapon
Potions
 i - 7 potions of haste
 j - 5 potions of curing
 k - 3 potions of mutation
 n - 5 potions of brilliance
 z - 5 potions of lignification
 J - a potion of resistance
 T - 4 potions of might
Comestibles
 b - 14 fruits
 f - 11 bread rations
 g - 27 royal jellies
 x - 8 meat rations


   Skills:
 + Level 16.1 Fighting
 + Level 15.8 Long Blades
 + Level 16.3 Armour
 + Level 14.4 Dodging
 + Level 16.2 Shields
 - Level 4.0 Invocations


You had 15 spell levels left.
You didn't know any spells.

Dungeon Overview and Level Annotations

Branches:
Dungeon (11/15)            Temple (1/1) D:6            Lair (6/6) D:11
  Swamp (4/4) Lair:2       Spider (0/4) Lair:2        Slime (0/5) Lair:5
    Orc (2/2) D:10            Elf (2/3) Orc:2

Altars:
Ashenzari
Cheibriados
Dithmenos
Elyvilon
Fedhas
Gozag
Hepliaklqana
Kikubaaqudgha
Makhleb
Nemelex Xobeh
Okawaru
Qazlal
Ru
Sif Muna
Trog
Uskayaw
Vehumet
Wu Jian
Xom
Yredelemnul
Zin
The Shining One
Beogh
Jiyva

Shops:
Orc:2 =([(   Elf:2 *

Portals:
Trove: Elf:1 (give 22 scrolls of identify)

Annotations:
Swamp:4 Lernaean hydra; morbho's ghost, adept MiFi


Innate Abilities, Weirdness & Mutations

You reflexively headbutt those who attack you in melee.
You have a pair of horns on your head.
You are partially covered in thin metallic scales. (AC +2)
Your skin changes colour to match your surroundings (Stealth+).
You have supernaturally acute eyesight. (SInv)
You are agile. (Dex +2)
You tend to lose your temper in combat.
Your mind is acute. (Int +2)
Your flesh is heat resistant. (rF+)
You have an increased reservoir of magic. (+10% MP)
Potions are less effective at restoring your health.


Message History

You barely miss the large slime creature.
The large slime creature is moderately wounded.
You hit the slime creature but do no damage.
You headbutt the slime creature.
The slime creature is almost dead.
You block the slime creature's attack. x2
You don't know any spells.
You slice the slime creature!!
You kill the slime creature!
Dithmenos accepts your kill. The slime creature misses you.
The large slime creature barely misses you.
You furiously retaliate!
You headbutt the large slime creature. You block the slime creature's attack.
You slice the slime creature!!
Lightning courses through the slime creature!
You kill the slime creature!
Dithmenos accepts your kill. You block the slime creature's attack.
The large slime creature hits you!!
You die...

♣♣..≈.
♣≈≈≈≈≈≈≈≈≈≈(.
♣≈.≈≈≈
♣.≈≈≈≈.≈≈≈≈.≈
≈...≈♣
♣.....≈♣.....≈
..≈≈♣♣ ≈≈§≈♣♣♣ ≈≈
.≈..≈♣ ≈.≈.♣♣
≈.≈.♣♣♣ ♣♣♣♣
...§..♣ ♣≈...♣♣♣
≈≈≈.≈≈♣♣ ♣≈≈≈..@♣♣
≈.≈.§..♣♣ ♣≈≈≈≈JJ≈♣
♣♣≈.§..≈♣.≈≈≈≈≈≈≈≈♣
♣...≈.≈≈..§..≈≈≈.♣♣
♣§.≈≈..§..≈.≈≈≈≈≈♣
.....≈...≈≈≈≈≈≈≈.≈
...≈.#...♣♣≈.≈≈≈≈≈
...§≈... .♣≈.≈≈≈≈≈
.♣♣♣.♣.....≈.≈≈≈≈


You could see a large slime creature and a slime creature.

Vanquished Creatures
  2 thorn hunters
  Louise (Swamp:2)
  An orc warlord (Orc:2)
  3 deep elf elementalists
  A very ugly thing (Swamp:2)
  Snorg (D:10)
  A fire dragon (Lair:6)
  19 hydras
  Fannar (Lair:2)
  23 dancing weapons
  4 two-headed ogres
  5 alligators
  2 orc high priests
  5 death yaks (Lair:6)
  14 deep elf knights
  Nergalle (D:10)
  A spriggan druid (Swamp:3)
  An unseen horror (D:10)
  2 shambling mangroves (Swamp:3)
  9 swamp dragons (Swamp:4)
  A lindwurm (Lair:6)
  4 deep elf archers
  4 oklob plants (Lair:2)
  37 deep elf magi
  13 slime creatures
  A wolf spider (Lair:6)
  5 orc sorcerers
  A manticore (D:11)
  3 elephants (Lair:6)
  7 black mambas
  2 torpor snails
  2 molten gargoyles (Lair:6)
  16 spiny frogs
  2 centaur skeletons (D:10)
  8 komodo dragons
  A yaktaur (shapeshifter) (Elf:2)
  A kobold demonologist (D:11)
  The ghost of Toogi the Chiller, a novice DEIE of Ashenzari (D:6)
  6 tyrant leeches
  6 trolls
  3 polar bears
  A queen bee (D:11)
  12 hornets
  A hippogriff (shapeshifter) (Elf:1)
  6 bog bodies
  6 hippogriffs
  32 blink frogs
  2 air elementals (Elf:1)
  A redback (Lair:2)
  2 shadows
  4 spriggans
  28 yaks
  2 basilisks (Lair:6)
  7 water elementals
  A vampire (D:11)
  6 wyverns
  2 steam dragons (Lair:6)
  Eustachio (D:4)
  2 fire elementals (Elf:2)
  The ghost of sour the Chopper, an amateur BaFi of Qazlal (D:4)
  26 vampire mosquitoes
  2 wargs (Orc:2)
  2 soldier ants (D:9)
  14 swamp worms
  22 insubstantial wisps
  10 porcupines
  14 water moccasins
  3 hell hounds (Lair:6)
  6 swamp drakes
  32 orc warriors
  3 black bears
  3 sky beasts
  7 ice beasts
  A phantom (D:8)
  A necrophage (D:10)
  11 wolves
  9 ogres
  3 centaurs
  8 crocodiles
  A big kobold (Sewer)
  A bullfrog (shapeshifter) (Elf:2)
  17 bullfrogs
  An earth elemental (Elf:1)
  A wyvern zombie (D:8)
  5 scorpions
  A water moccasin skeleton (D:9)
  27 killer bees
  3 crimson imps
  An electric eel (Lair:1)
  5 lava snakes (Lair:6)
  A bullfrog zombie (D:8)
  3 jellies
  A quasit (D:9)
  13 orc priests
  6 hounds
  A gnoll shaman (D:5)
  A bullfrog skeleton (D:11)
  Crazy Yiuf (D:3)
  4 iguanas
  18 orc wizards
  Natasha (thrice) (D:4)
  10 worker ants
  A howler monkey zombie (D:8)
  Robin (D:4)
  13 adders
  8 gnolls
  2 river rats (Sewer)
  5 shadow imps
  An ooze (D:7)
  An adder skeleton (D:5)
  2 worms (D:2)
  10 leopard geckos
  72 orcs
  3 bats
  5 giant cockroaches
  8 hobgoblins
  7 jackals
  7 kobolds
  4 quokkas
  4 frilled lizards
  11 goblins
  A leopard gecko zombie (D:5)
  A quokka skeleton (D:9)
  7 rats
  A briar patch (Swamp:1)
  2 fungi
  5 plants
822 creatures vanquished.

Vanquished Creatures (others)
  A deep elf knight (Elf:1)
  A deep elf archer (Elf:1)
  2 spriggans (Swamp:1)
  A vampire mosquito (Swamp:2)
  2 swamp drakes
  An orc wizard (Elf:1)
  5 briar patches
  6 fungi
  7 plants
26 creatures vanquished.

Grand Total: 848 creatures vanquished

Notes
Turn   | Place    | Note
-------+----------+-------------------------------------------
     0 | D:1      | Trigun the Minotaur Fighter began the quest for the Orb.
     0 | D:1      | Reached XP level 1. HP: 19/19 MP: 0/0
    69 | D:1      | Reached XP level 2. HP: 20/27 MP: 1/1
   568 | D:2      | Found a shadowy altar of Dithmenos.
   578 | D:2      | Became a worshipper of Dithmenos the Shadowed
   613 | D:2      | Reached XP level 3. HP: 24/33 MP: 2/2
   792 | D:2      | Found a bloodstained altar of Trog.
   942 | D:2      | Reached skill level 1 in Dodging
  1452 | D:3      | Found a glowing drain.
  1464 | D:3      | Reached XP level 4. HP: 18/40 MP: 3/3
  1485 | Sewer    | Entered a sewer
  1683 | Sewer    | Noticed a big kobold
  1722 | Sewer    | Killed a big kobold
  1722 | Sewer    | Reached XP level 5. HP: 16/47 MP: 4/4
  1974 | Sewer    | Found a white marble altar of Elyvilon.
  2620 | D:3      | Found a runed door.
  2822 | D:3      | Noticed Crazy Yiuf
  2828 | D:3      | Killed Crazy Yiuf
  3116 | D:4      | Reached XP level 6. HP: 48/53 MP: 5/5
  3128 | D:4      | Reached * piety under Dithmenos
  3343 | D:4      | Reached skill level 5 in Armour
  3360 | D:4      | Noticed Eustachio
  3375 | D:4      | Killed Eustachio
  3375 | D:4      | Reached skill level 5 in Fighting
  3375 | D:4      | Reached skill level 5 in Long Blades
  3375 | D:4      | Reached skill level 5 in Shields
  3395 | D:4      | Noticed Robin
  3430 | D:4      | Reached XP level 7. HP: 49/61 MP: 6/6
  3435 | D:4      | Killed Robin
  3543 | D:4      | Got a crude turquoise ring
  3544 | D:4      | Identified the ring "Ceabuc" {rF+ MR+ Str+3 Dex+4 Stlth-} (You took it off an orc on level 4 of the Dungeon)
  3641 | D:4      | Found a glowing golden altar of the Shining One.
  3644 | D:4      | Found a hazy altar of Hepliaklqana.
  3644 | D:4      | Noticed Natasha
  3655 | D:4      | Killed Natasha
  3669 | D:4      | Found a deep blue altar of Sif Muna.
  3672 | D:4      | Noticed Natasha
  3679 | D:4      | Killed Natasha
  3699 | D:4      | Got a steaming robe
  3715 | D:4      | Identified the cursed +1 robe of the Dice {rElec rC+ Dex-4 SInv} (You found it on level 4 of the Dungeon)
  3755 | D:4      | Noticed sour's ghost (amateur BaFi)
  3766 | D:4      | Killed sour's ghost
  3790 | D:4      | Noticed Natasha
  3796 | D:4      | Killed Natasha
  4284 | D:5      | Entered Level 5 of the Dungeon
  4310 | D:4      | Reached XP level 8. HP: 51/70 MP: 7/7
  4623 | D:5      | Got an ichor-stained cloak
  4638 | D:5      | Identified the +1 cloak of Beogh's Condemnation {Int+4} (You found it on level 5 of the Dungeon)
  4642 | D:5      | You fall through a shaft!
  4684 | D:6      | Found a blossoming altar of Fedhas.
  4936 | D:5      | Reached ** piety under Dithmenos
  5237 | D:6      | Found a staircase to the Ecumenical Temple.
  5261 | Temple   | Entered the Ecumenical Temple
  5625 | D:6      | Found a radiant altar of Vehumet.
  5916 | D:6      | Noticed Toogi's ghost (novice DEIE)
  5927 | D:6      | Killed Toogi's ghost
  5927 | D:6      | Reached skill level 5 in Dodging
  6241 | D:7      | Reached XP level 9. HP: 77/79 MP: 8/8
  6949 | D:8      | Got a slimy chain mail
  6992 | D:8      | Identified the +1 chain mail "Babew" {rElec Slay+2} (You found it on level 8 of the Dungeon)
  7000 | D:8      | Found an ornate altar of the Wu Jian Council.
  7241 | D:8      | Found an iron altar of Okawaru.
  7316 | D:8      | Found a sacrificial altar of Ru.
  7347 | D:8      | Noticed a two-headed ogre
  7355 | D:8      | Killed a two-headed ogre
  7408 | D:8      | Gained mutation: Your flesh is cold resistant. (rC+) [potion of mutation]
  7408 | D:8      | Gained mutation: You have an increased reservoir of magic. (+10% MP) [potion of mutation]
  7408 | D:8      | Gained mutation: Armour fits poorly on your strangely shaped body. [potion of mutation]
  7408 | D:8      | Gained mutation: Your mind is acute. (Int +2) [potion of mutation]
  7409 | D:8      | Gained mutation: Potions are less effective at restoring your health. [mutagenic meat]
  7410 | D:8      | Gained mutation: You are agile. (Dex +2) [mutagenic meat]
  7411 | D:8      | Gained mutation: Your flesh is heat resistant. (rF+) [mutagenic meat]
  7412 | D:8      | Lost mutation: Your flesh is cold resistant. (rC+) [mutagenic meat]
  8433 | D:9      | Reached XP level 10. HP: 85/90 MP: 10/10
  8833 | D:9      | Reached *** piety under Dithmenos
  8975 | D:10     | Entered Level 10 of the Dungeon
  9069 | D:10     | Got an ivory whip
  9084 | D:10     | Identified the +4 whip "Ihottani" {protect, rC+} (You found it on level 10 of the Dungeon)
  9368 | D:10     | Noticed a two-headed ogre
  9375 | D:10     | Killed a two-headed ogre
  9574 | D:10     | Gained mutation: You have supernaturally acute eyesight. (SInv) [mutagenic meat]
  9575 | D:10     | Gained mutation: Your skin changes colour to match your surroundings (Stealth+). [mutagenic meat]
  9576 | D:10     | Gained mutation: You are partially covered in thin metallic scales. (AC +2) [mutagenic meat]
  9577 | D:10     | Lost mutation: Armour fits poorly on your strangely shaped body. [mutagenic meat]
 10024 | D:10     | Noticed a two-headed ogre
 10032 | D:10     | Killed a two-headed ogre
 10036 | D:10     | Reached XP level 11. HP: 77/99 MP: 11/11
 10047 | D:10     | Noticed Snorg
 10050 | D:10     | Noticed an unseen horror
 10074 | D:10     | Killed an unseen horror
 10074 | D:10     | Reached skill level 10 in Fighting
 10075 | D:10     | Killed Snorg
 10075 | D:10     | Reached skill level 10 in Long Blades
 10075 | D:10     | Reached skill level 10 in Armour
 10075 | D:10     | Reached skill level 10 in Shields
 10158 | D:10     | Found a staircase to the Orcish Mines.
 10159 | D:10     | Noticed Nergalle
 10176 | D:10     | Killed Nergalle
 10507 | D:11     | Found a staircase to the Lair.
 10730 | D:11     | Reached **** piety under Dithmenos
 11057 | D:11     | Reached ***** piety under Dithmenos
 11478 | Orc:1    | Entered Level 1 of the Orcish Mines
 11539 | Orc:1    | Noticed a two-headed ogre
 11549 | Orc:1    | Killed a two-headed ogre
 11648 | Orc:1    | Reached XP level 12. HP: 94/110 MP: 12/12
 11772 | Orc:2    | Entered Level 2 of the Orcish Mines
 11790 | Orc:2    | Paralysed by an orc sorcerer for 3 turns
 11818 | Orc:2    | Found a staircase to the Elven Halls.
 11844 | Elf:1    | Entered Level 1 of the Elven Halls
 12258 | Elf:1    | Noticed a deep elf elementalist
 12288 | Elf:1    | Killed a deep elf elementalist
 12324 | Elf:1    | Reached skill level 10 in Dodging
 12742 | Elf:1    | Found a portal to a secret trove of treasure.
 12847 | Elf:1    | Noticed an orc high priest
 13182 | Elf:1    | Reached XP level 13. HP: 110/118 MP: 13/13
 13564 | Elf:1    | Noticed a deep elf elementalist
 13576 | Elf:1    | Killed a deep elf elementalist
 13590 | Elf:1    | HP: 2/119 [deep elf knight/shard of ice (31)]
 13611 | Elf:1    | HP: 4/119 [deep elf archer/uncursed short sword (10)]
 14517 | Elf:2    | Noticed a deep elf elementalist
 14524 | Elf:2    | Killed a deep elf elementalist
 15160 | Elf:2    | Found Bonouxze's General Store.
 15169 | Elf:2    | Bought a scroll of identify for 36 gold pieces
 15184 | Elf:2    | Bought the cursed +1 chain mail of the Guardian {Int+4 Dex+4 Stlth+} for 595 gold pieces
 15184 | Elf:2    | Bought a scroll of remove curse for 54 gold pieces
 15441 | Elf:2    | Reached skill level 1 in Invocations
 15937 | Elf:2    | Found a huge runed gate.
 15937 | Elf:2    | Found a huge runed gate.
 15938 | Elf:2    | Found a huge runed gate.
 15939 | Elf:2    | Found a huge runed gate.
 15939 | Elf:2    | Found a huge runed gate.
 15966 | Elf:2    | Reached ****** piety under Dithmenos
 15979 | Elf:2    | Reached XP level 14. HP: 90/129 MP: 15/15
 17221 | Elf:2    | Gained mutation: You tend to lose your temper in combat. [mutagenic meat]
 17603 | Orc:2    | Found a roughly hewn altar of Beogh.
 17638 | Orc:2    | Found a roughly hewn altar of Beogh.
 17684 | Orc:2    | Found a roughly hewn altar of Beogh.
 17722 | Orc:2    | Found a roughly hewn altar of Beogh.
 17970 | Orc:2    | Found a roughly hewn altar of Beogh.
 17984 | Orc:2    | Found Ybucw's Jewellery Shoppe.
 17990 | Orc:2    | Bought the ring "Huoka Ishima" {*Contam rElec rF+ rN+ Str+7} for 801 gold pieces
 18101 | Orc:2    | Found a roughly hewn altar of Beogh.
 18221 | Orc:2    | Found a roughly hewn altar of Beogh.
 18227 | Orc:2    | Found Ycwaar's Weapon Shoppe.
 18371 | Orc:2    | Noticed an orc warlord
 18399 | Orc:2    | Killed an orc warlord
 18414 | Orc:2    | Found Daicanape's Antique Weapon Shoppe.
 18415 | Orc:2    | Found a roughly hewn altar of Beogh.
 18420 | Orc:2    | Found Boji's Antique Armour Emporium.
 18984 | Orc:2    | Bought a dazzling chain mail for 323 gold pieces
 18994 | Orc:2    | Identified the +8 chain mail of Ocacan {rCorr Int+3} (You bought it in a shop on level 2 of the Orcish Mines)
 19196 | Lair:1   | Entered Level 1 of the Lair of Beasts
 19945 | Lair:2   | Reached XP level 15. HP: 139/139 MP: 18/18
 20224 | Lair:2   | Noticed Fannar
 20258 | Lair:2   | Killed Fannar
 20565 | Lair:2   | Found a staircase to the Swamp.
 20793 | Lair:2   | Found a hole to the Spider Nest.
 22286 | Lair:4   | Found a runed door.
 22556 | Lair:4   | Got a twisted mace
 22562 | Lair:4   | Identified the cursed +1 mace "Pebram" {crush, -Tele rElec Str+3 Int+7} (You found it on level 4 of the Lair of Beasts)
 23031 | Lair:5   | Found a viscous altar of Jiyva.
 23032 | Lair:5   | Found a staircase to the Slime Pits.
 23374 | Lair:6   | Entered Level 6 of the Lair of Beasts
 23388 | Lair:6   | Reached skill level 15 in Fighting
 23397 | Lair:6   | Reached skill level 15 in Armour
 23789 | Lair:6   | Reached skill level 15 in Shields
 23875 | Lair:6   | Found a large runed door.
 23876 | Lair:6   | Found a large runed door.
 23908 | Lair:6   | Reached skill level 15 in Long Blades
 24838 | Swamp:1  | Entered Level 1 of the Swamp
 24923 | Swamp:1  | Reached XP level 16. HP: 81/149 MP: 19/19
 24944 | Swamp:1  | Noticed a thorn hunter
 24957 | Swamp:1  | Killed a thorn hunter
 25693 | Swamp:2  | Noticed Louise
 26058 | Swamp:2  | Killed Louise
 27770 | Swamp:4  | Entered Level 4 of the Swamp
 27788 | Swamp:4  | Noticed a thorn hunter
 27811 | Swamp:4  | Killed a thorn hunter
 28317 | Swamp:4  | Noticed the 27-headed Lernaean hydra
 28322 | Swamp:4  | Noticed morbho's ghost (adept MiFi)
 28678 | Swamp:4  | HP: 4/151 [the 27-headed Lernaean hydra (4)]
 28684 | Swamp:4  | HP: 4/151 [something (1)]
 28696 | Swamp:4  | Demolished by a large slime creature

Vault maps used:
D:1:      grunt_arrival_lava_bath
D:2:      lemuel_round_altar, nicolae_dithmenos_through_a_glass_darkly
D:3:      portal_sewer_entry_d, uniq_crazy_yiuf_cottage
D:4:      grunt_temple_overflow_open, first_bread, uniq_natasha, uniq_eustachio,
          uniq_robin
D:5:      abandoned_shop
D:6:      fedhas_altar_1, fiery_altar_vehumet, lemuel_temple_firewalk_b
D:8:      nicolae_ru_awakened_eye, okawaru_metal_pillars_3,
          nicolae_overflow_crystal_walls
D:9:      hangedman_pestilent_swarm
D:10:     orc_0_dummy, uniq_snorg, uniq_nergalle
D:11:     due_lair_maze_entry_diamond, special_room
Temple:   minmay_temple_bridge_abc
Lair:1:   grunt_megastairs_4, infiniplex_staircase_pool_2, serial_bayou_shore_a
Lair:2:   minmay_swamp_entry_wisps, spider_nest_entry_rubble, minivault_11,
          grunt_megastairs_3, infiniplex_staircase_pool,
          minmay_lair_oklob_chamber, uniq_fannar
Lair:3:   grunt_megastairs_2
Lair:4:   pf_torpor_hydra, lemuel_fruit_tree
Lair:5:   slime_altar_1
Lair:6:   cheibrodos_lair_end_hotspot
Swamp:1:  hangedman_swamp_ruin_hall
Swamp:2:  nicolae_swamp_treefoil, uniq_louise
Swamp:3:  evilmike_swamp_ruin_rubble_2
Swamp:4:  swamp_old_school, swamp_pool3
Orc:2:    grunt_orc_community_town_hall, grunt_orc_community_big_house_2,
          grunt_orc_community_big_house_2, grunt_orc_community_house_1,
          grunt_orc_community_house_1, grunt_orc_community_house_2,
          grunt_orc_community_house_2, grunt_orc_community_house_2,
          nicolae_orc_stony_grotto
Elf:1:    eino_elf_arrival_the_gate, enter_trove_6, evilmike_minifort
Elf:2:    serial_shops, shop
Sewer:    sewer_kobolds

Skill      XL: |  1  2  3  4  5  6  7  8  9 10 11 12 13 14 15 16 |
---------------+-------------------------------------------------+-----
Armour         | 4 5 7 8 9 11 12 13 14 15 16 | 16.3
Dodging        | 1 2 3 4 5 6 8 9 10 11 12 13 14 | 14.4
Long Blades    | 3 4 5 6 7 8 9 10 12 13 14 15 | 15.8
Shields        | 4 5 7 8 9 11 12 13 14 15 16 | 16.2
Fighting       | 4 5 7 8 9 11 12 13 14 15 16 | 16.1
Invocations    | 1 4 |  4.0

Action                   |  1- 3 |  4- 6 |  7- 9 | 10-12 | 13-15 | 16-18 || total
-------------------------+-------+-------+-------+-------+-------+-------++-------
Melee: Long sword        |    99 |   127 |     7 |       |       |       ||   233
       Headbutt          |    14 |    22 |    68 |   184 |   416 |   174 ||   878
       Falchion          |       |    19 |   272 |   424 |       |       ||   715
       Scimitar          |       |       |       |    78 |  1062 |   407 ||  1547
Throw: Stone             |       |       |       |   141 |    10 |       ||   151
Evoke: Wand              |       |       |       |       |       |     2 ||     2
  Use: Potion            |       |     3 |     1 |     1 |    11 |     5 ||    21
       Scroll            |       |     3 |    10 |     3 |    14 |     6 ||    36
 Stab: Distracted        |       |       |       |       |     1 |     1 ||     2
  Eat: Chunk             |     1 |     7 |    16 |    20 |    35 |    10 ||    89
       Fruit             |       |       |     3 |     2 |       |     4 ||     9
       Royal jelly       |       |       |       |       |     1 |       ||     1
Armor: Scale mail        |    40 |    41 |    30 |       |       |       ||   111
       Leather armour    |       |       |    11 |       |       |       ||    11
       Chain mail        |       |       |    25 |   117 |   183 |   188 ||   513
Dodge: Dodged            |    30 |    43 |    85 |   188 |   516 |   322 ||  1184
Block: Shield            |    58 |    65 |   126 |   261 |   670 |    50 ||  1230
       Large shield      |       |       |       |       |       |   432 ||   432
       Rpst.: Long sword |     5 |    12 |       |       |       |       ||    17
       Falchion          |       |     3 |    17 |    45 |       |       ||    65
       Scimitar          |       |       |       |     5 |   110 |    32 ||   147
